 Dungeon Crawl Stone Soup version 0.30.1-3-gfc49f6343a (webtiles) character file.

Game seed: 3801487989237808431

106 croobank the Sneak (level 4, -1/33 HPs)
             Began as an Octopode Delver on July 28, 2023.
             Slain by a hound zombie (3 damage)
             ... in an ossuary.
             The game lasted 00:02:18 (121 turns).

croobank the Sneak (Octopode Delver)                 Turns: 121, Time: 00:02:18

Health: -1/33      AC:  1    Str: 11    XL:     4   Next: 84%
Magic:  4/4        EV: 13    Int: 14    God:
Gold:   0          SH:  0    Dex: 13    Spells: 3/3 levels left

rFire   . . .        a - +0 short sword
rCold   . . .        (no shield)
rNeg    . . .        (helmet restricted)
rPois   .            (no amulet)
rElec   .            (no ring)
rCorr   .            (no ring)
SInv    .            (no ring)
Will    .....        (no ring)
Stlth   ++++         (no ring)
HPRegen 0.25/turn    (no ring)
MPRegen 0.09/turn    (no ring)
                     (no ring)

%: no passive effects
@: hasted, very quick
A: almost no armour, amphibious, 8 rings, camouflage 1, gelatinous body 1,
(nimble swimmer 1), tentacles
a: no special abilities


You were in an ossuary.
You visited 1 branch of the dungeon, and saw 2 of its levels.
You also visited: Ossuary.

Inventory:

Hand Weapons
 a - a +0 short sword (weapon)
Wands
 f - a wand of digging (3)
 g - a wand of roots (9)
Scrolls
 b - a scroll of fog
 d - a scroll of fear


   Skills:
 + Level 3.7 Fighting
 + Level 2.9 Short Blades
 + Level 2.9 Dodging
 + Level 7.3 Stealth


You had 3 spell levels left.
You didn't know any spells.
Your spell library was empty.

Dungeon Overview and Level Annotations

Branches:
Dungeon (6/15)            Ossuary (1/1)
 Temple: D:4-7

Altars:


Innate Abilities, Weirdness & Mutations

You cannot wear most types of armour.
You are amphibious.
You can wear up to eight rings at the same time.
Your skin changes colour to match your surroundings (Stealth+).
Your rubbery body absorbs attacks. (AC +1, EV +1)
((You are camouflaged when in or above water. (Stealth+)))
You have tentacles for arms and can constrict up to eight enemies at once.


Message History

The mummy is severely damaged.
You constrict the mummy.
The grasping roots constrict the jackal zombie.
The grasping roots constrict the adder zombie.
You destroy the adder zombie!
The grasping roots constrict the hound zombie.
The hound zombie barely misses you.
The jackal zombie struggles to escape constriction.
You hit the mummy but do no damage. You squeeze the mummy.
You destroy the mummy!
The grasping roots constrict the jackal zombie.
You destroy the jackal zombie!
The grasping roots constrict the hound zombie.
The roots release their grip on the hound zombie.
The hound zombie bites you.
* * * LOW HITPOINT WARNING * * *
Aiming: Fastroot
Press: ? - help, Shift-Dir - straight line, f - hound zombie, p - hound zombie
Aim: a hound zombie The roots erupt in riotous growth!
Roots grab the elf zombie. x2; Roots grab the hound zombie. x2
The grasping roots constrict the elf zombie.
The grasping roots constrict the hound zombie. x2
You destroy the hound zombie!
The grasping roots constrict the elf zombie.
The hound zombie escapes!
The roots lose their grip on something.
The grasping roots constrict the elf zombie.
The elf zombie struggles to escape constriction.
Aiming: Fastroot
Press: ? - help, Shift-Dir - straight line, f/p - hound zombie
Aim: a hound zombie (lightly damaged)
The roots erupt in riotous growth!
Roots grab the hound zombie.
The elf zombie is unaffected.
The grasping roots constrict the elf zombie.
The grasping roots constrict the hound zombie.
The roots release their grip on the elf zombie.
The hound zombie bites you.
You die...

################
∩...........#$$#
...........#$$#
#####.........##+#
..................#
............ZZZZ.....#
......Z.......##@....#
..............##.....#
.....................#
.Z..........Z........#
..................#..#
..........Z......##..#
......∩∩Z........# ∩#
.................# .#
..................#


You could see a hound zombie (rooted), a hobgoblin zombie and 2 elf zombies.

Vanquished Creatures
  A scorpion (D:6)
  A hound zombie (Ossuary)
  2 mummies
  An adder zombie (Ossuary)
  A hobgoblin zombie (Ossuary)
  A jackal zombie (Ossuary)
7 creatures vanquished.

Notes
Turn   | Place    | Note
-------+----------+-------------------------------------------
     0 | D:5      | croobank the Octopode Delver began the quest for the Orb.
     0 | D:5      | Reached XP level 1. HP: 16/16 MP: 1/1
    23 | D:6      | Noticed a scorpion
    32 | D:6      | Killed a scorpion
    33 | D:6      | Reached skill level 7 in Stealth
    33 | D:6      | Reached XP level 2. HP: 18/21 MP: 2/2
    33 | D:6      | Reached XP level 3. HP: 22/26 MP: 3/3
    33 | D:6      | Reached XP level 4. HP: 27/31 MP: 4/4
    71 | D:5      | Found a sand-covered staircase.
    93 | Ossuary  | Entered an ossuary
   118 | Ossuary  | HP: 1/31 [hound zombie (1)]
   121 | Ossuary  | Slain by a hound zombie

Illustrated notes

Levels and vault maps discovered:
D:5:      layout_loops_cross, nicolae_tso_carved_into_rock,
          gup_ossuary_entry_pyramid, minmay_misc_feat_tower, uniq_duvessa
D:6:      layout_basic, temple_pool_b
Ossuary:  ossuary_minmay_tomb_2a

Skill      XL: |  1 |
---------------+----+-----
Stealth        | 7 |  7.3
Fighting       | |  3.7
Short Blades   | |  2.9
Dodging        | |  2.9

Action                     |  1- 3 |  4- 6 || total
---------------------------+-------+-------++-------
  Melee: Short sword       |     6 |    14 ||    20
         Constrict         |     1 |     3 ||     4
         Tentacles         |     1 |     3 ||     4
  Evoke: Wand              |       |     4 ||     4
    Use: Scroll            |     1 |     1 ||     2
         Potion            |       |     1 ||     1
   Stab: Sleeping          |     1 |       ||     1
 Armour: Skin              |     1 |     1 ||     2
  Dodge: Dodged            |     4 |    10 ||    14
